 Dungeon Crawl Stone Soup version 0.29.1-1-gd02db6906a (webtiles) character file.

Game seed: 11349086680987522278

53 H0rd4k the Charlatan (level 4, 0/33 HPs)
             Began as a Human Artificer on Oct 11, 2022.
             Succumbed to an adder's poison
             ... on level 2 of the Dungeon.
             The game lasted 00:01:44 (2498 turns).

H0rd4k the Charlatan (Human Artificer)              Turns: 2498, Time: 00:01:45

Health: 0/33       AC:  3    Str: 12    XL:     4   Next: 11%
Magic:  4/4        EV: 12    Int: 13    God:
Gold:   108        SH:  0    Dex: 14    Spells: 3/3 levels left

rFire   . . .      SeeInvis .   o - +0 flail
rCold   + . .      Faith    .   (no shield)
rNeg    . . .      Spirit   .   b - +0 leather armour
rPois   .          Reflect  .   (no helmet)
rElec   .          Harm     .   (no cloak)
rCorr   .          Rampage  .   (no gloves)
Will    .....                   (no boots)
Stlth   +.........              (no amulet)
HPRegen 0.11/turn               m - ring of protection from cold
MPRegen 0.09/turn               (no ring)

@: lethally poisoned (0 -> -10)
A: no striking features
a: no special abilities


You were on level 2 of the Dungeon.
You visited 1 branch of the dungeon, and saw 2 of its levels.

You collected 108 gold pieces.

Inventory:

Hand Weapons
 o - a +0 flail (weapon)
Armour
 b - a +0 leather armour (worn)
Jewellery
 l - a ring of protection from cold
 m - a ring of protection from cold (left hand)
Wands
 c - a wand of flame (11) (quivered)
 d - a wand of charming (15)
 e - a wand of iceblast (5)
Scrolls
 a - a scroll of summoning {unknown}
 g - a scroll of immolation {unknown}
 h - 2 scrolls of vulnerability {unknown}
 j - 4 scrolls of identify {unknown}
Potions
 f - a potion of heal wounds {unknown}
 i - a potion of flight {unknown}
 k - a potion of haste {unknown}
 n - a potion of mutation {unknown}


   Skills:
 + Level 1.8 Fighting
 + Level 2.0 Maces & Flails
 - Level 2.0 Armour
 + Level 2.2 Dodging
 - Level 1.0 Stealth
 - Level 3.0 Evocations


You had 3 spell levels left.
You didn't know any spells.
Your spell library contained the following spells:

 Spells                   Type           Power      Damage    Failure   Level
 Leda's Liquefaction      Hex/Erth       0%         N/A       98%         4
 Lee's Rapid Deconstruct  Erth           0%         3d5*      100%        5
 Statue Form              Tmut/Erth      0%         N/A       100%        6


Dungeon Overview and Level Annotations

Branches:
Dungeon (2/15)

Altars:


Message History

You completely miss the frilled lizard. The frilled lizard barely misses you.
The frilled lizard misses you.
You completely miss the frilled lizard. The frilled lizard barely misses you.
You sock the frilled lizard!
You kill the frilled lizard!
You hit the adder.
The adder is almost dead.
The adder bites you. The adder bites you but does no damage.
You completely miss the adder.
The adder is almost dead.
The adder barely misses you. The adder bites you.
You are poisoned.
The adder poisons you!
You barely miss the adder.
The adder is almost dead.
You feel sick. The adder bites you but does no damage. The adder bites you.
You miss the adder.
The adder is almost dead.
You feel sick. The adder barely misses you.
You closely miss the adder.
The adder is almost dead.
You feel sick. The adder closely misses you. x2
You closely miss the adder.
The adder is almost dead.
You feel sick. The adder barely misses you. The adder bites you.
* * * LOW HITPOINT WARNING * * *
You are more poisoned.
The adder poisons you!
You miss the adder.
The adder is almost dead.
You feel sick. The adder bites you.
* * * LOW HITPOINT WARNING * * *
You are more poisoned.
The adder poisons you!
Aiming: Throw Flame
Press: ? - help, Shift-Dir - straight line, f - adder
Aim: an adder (almost dead, 53% to hit)
The puff of flame hits the adder!
You kill the adder!
You die...

... # #.. ###.# # ..
..#.# #.####. ....
#......#..########
#.......#......#
#.....#.####.#
.....##†###.# #.# ?..
#.@.#.# #.# #.....
###.#.# #.#### #.....
#.#.####....# ##.....
##.#.....###.#
.......###.....##.###.#
#...........##.#....#.#
......#.>..#.#..#.#.#####
#......#.#....#.#.#...#
#.#.#..#.#....#.#.#.#.#


There were no monsters in sight!

Vanquished Creatures
  2 adders (D:2)
  4 bats
  4 endoplasms
  2 giant cockroaches (D:1)
  6 goblins
  4 hobgoblins
  4 quokkas (D:1)
  3 ball pythons
  3 frilled lizards
  4 kobolds
  4 rats
40 creatures vanquished.

Notes
Turn   | Place    | Note
-------+----------+-------------------------------------------
     0 | D:1      | H0rd4k the Human Artificer began the quest for the Orb.
     0 | D:1      | Reached XP level 1. HP: 15/15 MP: 1/1
   339 | D:1      | Reached XP level 2. HP: 21/21 MP: 2/2
   549 | D:1      | Reached skill level 1 in Maces & Flails
  1098 | D:1      | Reached XP level 3. HP: 9/26 MP: 3/3
  1481 | D:1      | Found a faded altar of an unknown god.
  2259 | D:2      | Reached XP level 4. HP: 31/33 MP: 4/4
  2498 | D:2      | Succumbed to an adder's poison

Illustrated notes

Levels and vault maps discovered:
D:1:      wander_arrival_lonely_grave, layout_loops_ring,
          chequers_ecumenical_altar_twisty, serial_bayou_pond_e, st_stairs_7,
          minmay_tiny_reverse_x
D:2:      layout_basic

Skill      XL: |  1  2  3  4 |
---------------+-------------+-----
Maces & Flails | 1 2 |  2.0
Dodging        | 2 |  2.2
Fighting       | |  1.8
Armour         | |  2.0
Stealth        | |  1.0
Evocations     | |  3.0

Action                   |  1- 3 |  4- 6 || total
-------------------------+-------+-------++-------
Melee: Club              |   162 |     7 ||   169
       Punch             |     2 |       ||     2
       Flail             |       |    16 ||    16
Evoke: Wand              |     3 |     1 ||     4
 Stab: Sleeping          |     2 |     1 ||     3
Armor: Leather armour    |    74 |     4 ||    78
Dodge: Dodged            |   115 |    19 ||   134
